 Dungeon Crawl Stone Soup version 0.22.0-40-g68aacdc4c8 (webtiles) character file.

505208 dopezilla the Warrior (level 24, -6/205 HPs)
             Began as a Demonspawn Fighter on Aug 30, 2018.
             Was an Elder of Qazlal.
             Splashed by a tengu reaver's acid (11 damage)
             ... on level 5 of the Vaults on Sept 2, 2018.
             The game lasted 06:07:26 (83163 turns).

dopezilla the Warrior (Demonspawn Fighter)         Turns: 83163, Time: 06:07:28

Health: -6/205     AC: 35    Str: 23    XL:     24   Next: 14%
Magic:  14/31      EV: 12    Int: 19    God:    Qazlal [****..]
Gold:   1692       SH: 28    Dex: 19    Spells: 19/33 levels left

rFire    + . .     SeeInvis .   b - +5 double sword (freeze)
rCold    + + .     Gourm    .   q - +1 large shield {rC+}
rNeg     + + .     Faith    .   u - +5 gold dragon scales
rPois    +         Spirit   .   z - +2 helmet
rElec    +         Reflect  .   C - +1 cloak {MR+}
rCorr    .         Harm     .   D - +1 pair of gloves
MR       ++...                  (boots unavailable)
Stlth    ..........             (no amulet)
HPRegen  0.44/turn              X - +3 ring of slaying
MPRegen  0.22/turn              s - ring of Houdioro {*Drain rElec rN+ Int+5 Stlth+}

@: agile, very slightly contaminated, repel missiles
A: talons 3, repulsion field 2, negative energy resistance 1, nightstalker 2,
powered by pain 3, 50% torment resistance
}: 2/15 runes: decaying, serpentine
a: Upheaval, Elemental Force, Renounce Religion


You were on level 5 of the Vaults.
You worshipped Qazlal.
Qazlal was greatly pleased with you.
You were near starving.

You visited 7 branches of the dungeon, and saw 41 of its levels.
You visited the Abyss 2 times.
You also visited: Sewer, Ossuary and Ice Cave.

You collected 4791 gold pieces.
You spent 3099 gold pieces at shops.

Inventory:

Hand Weapons
 a - a +7 scimitar of electrocution
 b - a +5 double sword of freezing (weapon)
Missiles
 o - 1286 stones
 v - 45 tomahawks
 w - 3 poisoned tomahawks
 I - 2 throwing nets
 Z - 11 javelins (quivered)
Armour
 q - a +1 large shield of cold resistance (worn)
 u - +5 gold dragon scales (worn)
 z - a +2 helmet (worn)
 C - a +1 cloak of magic resistance (worn)
 D - a +1 pair of gloves (worn)
 S - a scarf of resistance
Jewellery
 d - an uncursed ring of see invisible
 s - the ring of Houdioro (right hand) {*Drain rElec rN+ Int+5 Stlth+}
   (You bought it in a shop on level 5 of the Dungeon)

   [ring of stealth]

   It affects your intelligence (+5).
   It insulates you from electricity.
   It protects you from negative energy.
   It causes draining when unequipped.
   It makes you more stealthy.
 y - an uncursed ring of resist corrosion
 K - an uncursed ring of wizardry
 X - a +3 ring of slaying (left hand)
Wands
 L - a wand of iceblast (44)
 M - a wand of enslavement (46)
 N - a wand of scattershot (4)
 Q - a wand of acid (16)
 Y - a wand of paralysis (40)
Scrolls
 c - 2 scrolls of silence
 e - 18 scrolls of remove curse
 k - a scroll of magic mapping
 l - 5 scrolls of immolation
 n - 14 scrolls of teleportation
 x - 4 scrolls of identify
 T - 5 scrolls of fog
 U - a scroll of fear
 V - a scroll of vulnerability
Potions
 g - 5 potions of curing
 i - a potion of magic
 j - 4 potions of resistance
 m - 2 potions of cancellation
 t - 10 potions of flight
 A - 2 potions of berserk rage
 B - 3 potions of haste
 J - a potion of might
 P - 2 potions of brilliance
Miscellaneous
 h - a lightning rod (4/4)
 p - a lamp of fire
 r - a phantom mirror
 E - a phial of floods
 H - 2 boxes of beasts
Comestibles
 f - 59 rations


   Skills:
 + Level 20.3 Fighting
 - Level 16.0 Long Blades
 - Level 16.0 Throwing
 + Level 16.9 Armour
 + Level 17.0 Shields
 - Level 5.0 Spellcasting
 - Level 6.0 Hexes
 - Level 6.0 Charms
 - Level 6.0 Necromancy
 - Level 6.0 Translocations
 - Level 11.5 Invocations
 - Level 10.0 Evocations


You had 19 spell levels left.
You knew the following spells:

 Your Spells              Type           Power        Failure   Level  Hunger
a - Airstrike             Air            #.........   100%        4    ####...
b - Animate Skeleton      Necr           N/A          61%         1    None
c - Apportation           Tloc           ####..       61%         1    None
d - Song of Slaying       Chrm           ####....     75%         2    #......
e - Regeneration          Chrm/Necr      ####......   93%         3    ##.....
f - Portal Projectile     Hex/Tloc       ####..       93%         3    ##.....

Your spell library contained the following spells:

 Spells                   Type           Power        Failure   Level  Hunger
 Confusing Touch          Hex            ####..       61%         1    None
 Corona                   Hex            ####...      61%         1    None
 Infusion                 Chrm           ####         61%         1    None
 Blink                    Tloc           N/A          75%         2    #......
 Shroud of Golubria       Chrm/Tloc      ####......   75%         2    #......
 Slow                     Hex            ####....     75%         2    #......
 Sublimation of Blood     Necr           ####......   75%         2    #......
 Confuse                  Hex            ####....     93%         3    ##.....
 Spectral Weapon          Hex/Chrm       ####....     93%         3    ##.....
 Tukima's Dance           Hex            ####....     93%         3    ##.....
 Ensorcelled Hibernation  Hex/Ice        ###...       99%         2    #......
 Swiftness                Chrm/Air       ###.....     99%         2    #......
 Magic Dart               Conj           #...         100%        1    None
 Shock                    Conj/Air       #...         100%        1    None
 Summon Small Mammal      Summ           #...         100%        1    None
 Call Imp                 Summ           #.......     100%        2    #......
 Passwall                 Tmut/Erth      #.......     100%        2    #......
 Searing Ray              Conj           #.....       100%        2    #......
 Conjure Flame            Conj/Fire      #.......     100%        3    ##.....
 Dazzling Spray           Conj/Hex       ###...       100%        3    ##.....
 Ignite Poison            Fire/Tmut/Pois #.......     100%        3    ##.....
 Inner Flame              Hex/Fire       ###.....     100%        3    ##.....
 Mephitic Cloud           Conj/Pois/Air  #.......     100%        3    ##.....
 Spider Form              Tmut/Pois      #.........   100%        3    ##.....
 Static Discharge         Conj/Air       #.......     100%        3    ##.....
 Cause Fear               Hex            ####......   100%        4    ####...
 Force Lance              Conj/Tloc      ###.....     100%        4    ####...
 Fulminant Prism          Conj/Hex       ###.......   100%        4    ####...
 Iskenderun's Mystic Bla  Conj           #.......     100%        4    ####...
 Leda's Liquefaction      Hex/Erth       ###.......   100%        4    ####...
 Petrify                  Tmut/Erth      #.......     100%        4    ####...
 Alistair's Intoxication  Tmut/Pois      #.......     100%        5    ######.
 Bolt of Draining         Conj/Necr      ###.......   100%        5    ######.
 Bolt of Magma            Conj/Fire/Erth #.........   100%        5    ######.
 Dispel Undead            Necr           ####....     100%        5    ######.
 Irradiate                Conj/Tmut      #.........   100%        5    ######.
 Lightning Bolt           Conj/Air       #.........   100%        5    ######.
 Silence                  Hex/Air        ###.......   100%        5    ######.
 Yara's Violent Unravell  Hex/Tmut       ###.......   100%        5    ######.
 Deflect Missiles         Chrm/Air       ###.......   100%        6    #######
 Iron Shot                Conj/Erth      #.........   100%        6    #######
 Statue Form              Tmut/Erth      #........    100%        6    #######
 Discord                  Hex            ####......   100%        8    #######
 Ignition                 Fire           #.........   100%        8    #######
 Shatter                  Erth           #.........   100%        9    #######
 Tornado                  Air            #.........   100%        9    #######


Dungeon Overview and Level Annotations

Branches:
Dungeon (15/15)            Temple (0/1) D:5            Lair (6/6) D:9
  Swamp (4/4) Lair:4        Snake (4/4) Lair:2        Slime (0/5) Lair:6
    Orc (2/2) D:9             Elf (0/3) Orc:2        Vaults (5/5) D:13
  Crypt (0/3) Vaults:3     Depths (5/5) D:15            Zot (0/5) Depths:5

Altars:
Cheibriados
Dithmenos
Fedhas
Gozag
Kikubaaqudgha
Makhleb
Nemelex Xobeh
Okawaru
Qazlal
Ru
Sif Muna
Trog
Wu Jian
Xom
Yredelemnul
Zin
The Shining One
Beogh
Lugonu

Shops:
D:5 *   D:12 (   D:14 *   Orc:2 :[*(   Snake:4 [

Portals:
Hell: Depths:1 Depths:2 Depths:3 Depths:4 Depths:5
Abyss: Depths:1 Depths:4
Pandemonium: Depths:3
Ziggurat: Depths:5

Annotations:
D:4 exclusion: 2 downstairs
D:8 exclusion: downstairs
D:9 3 runed doors, Burgietje's ghost, novice GrFi
Swamp:1 exclusion: Roxanne, Roxanne
Snake:1 3 runed doors, Qompuxo's ghost, adept GrEE


Innate Abilities, Weirdness & Mutations

You have claws for feet.
You are surrounded by a moderate repulsion field. (EV +3)
You resist negative energy. (rN+)
You are significantly more attuned to the shadows.
You are powered by pain.
You are somewhat able to resist unholy torments (1 in 2 success).


Message History

The tengu reaver pecks you but does no damage.
The tengu reaver claws you but does no damage.
You hear a shout!
Items here: ( )) [ † 4 large rocks; a great sword of protection; a plate armour a great sword of flaming; a human corpse
As you read the scroll of fear, it crumbles to dust.
You assume a fearsome visage.
The battlesphere is unaffected.
The titan resists with almost no effort. x2
The tengu reaver resists with some effort.
The titan gestures at you while chanting.
The bolt of lightning misses you. You block the tengu reaver's attack. x3
Okay, then.
You feel more agile all of a sudden.
The titan waves its arms in wide circles.
The air twists around and strikes you!
* * * LOW HITPOINT WARNING * * *
The tengu reaver casts a spell at you. The bolt of acid hits you!
You are splashed with acid!
The acid burns!
You die...

# ##
...#.##
#*Q@##
##C#.#
#C#### #.p
##
O#.....p...
Qe.p.....).


You could see an ironheart preserver, 2 titans, a tengu reaver and a
battlesphere.

Vanquished Creatures
  2 juggernauts (Depths:3)
  Sojobo (Depths:3)
  Boris (Vaults:3)
  Xtahua (Depths:3)
  Vashnia (Snake:2)
  The ghost of Fithal the Executioner, a veteran MiBe of Trog (Depths:2)
  A caustic shrike (Depths:3)
  2 golden dragons
  Nikola (Vaults:2)
  5 liches
  3 tentacled monstrosities
  Rupert (Orc:2)
  The ghost of facsimile the Eternal Night, an adept HOFE of Dithmenos (Vaults:2)
  A quicksilver dragon (Depths:5)
  A sphinx (Depths:4)
  3 tentacled starspawn (Abyss:4)
  Frances (D:12)
  Kirke (D:13)
  4 tengu reavers
  2 shadow dragons
  3 storm dragons
  A revenant (Vaults:3)
  10 nagarajas
  13 fire giants
  A draconian monk (Depths:4)
  The ghost of stickyfingers the Impaler, a journeyman MfNe of Elyvilon (Orc:2)
  A ghost moth (Abyss:4)
  8 frost giants
  Louise (Snake:3)
  5 draconian stormcallers
  2 balrugs
  3 orc warlords (Orc:1)
  2 ghouls
  3 iron dragons
  15 vault wardens
  A draconian knight (Depths:4)
  2 spriggan defenders
  An angel (Abyss:3)
  9 ironheart preservers
  2 reapers
  A caustic shrike zombie (D:15)
  20 very ugly things
  An entropy weaver (Vaults:3)
  22 stone giants
  A war gargoyle (Vaults:3)
  A deep elf demonologist (Vaults:1)
  2 spark wasps (Depths:3)
  Nessos (D:14)
  A spectral titan (Vaults:2)
  2 lorocyprocas (Depths:1)
  2 purple draconians
  2 red draconians (Depths:5)
  4 green draconians (Depths:5)
  3 deep elf annihilators
  4 yellow draconians
  8 ettins
  Sonja (Lair:1)
  3 white draconians (Depths:5)
  3 deep elf death magi
  2 blizzard demons
  A merfolk javelineer (Depths:3)
  8 fire dragons
  Josephine (D:11)
  14 ogre magi
  2 jiangshi
  5 great orbs of eyes
  10 yaktaur captains
  9 ice dragons
  18 naga warriors
  28 vault guards
  2 ice dragons (shapeshifter) (Vaults:4)
  A ghost crab (Swamp:4)
  9 anacondas
  20 hydras
  4 spriggan air magi
  43 two-headed ogres
  3 death knights
  An anaconda (shapeshifter) (Depths:4)
  7 centaur warriors
  A two-headed ogre (shapeshifter) (Vaults:2)
  2 dancing weapons
  11 deep troll shamans
  5 tengu warriors
  6 alligators
  9 deep troll earth magi
  An orc high priest (Orc:1)
  3 shock serpents
  3 spriggan berserkers
  Nergalle (Lair:1)
  5 deep elf knights
  5 vampire magi
  21 naga sharpshooters
  A thrashing horror (Abyss:4)
  6 hell knights
  5 sun demons
  A storm dragon zombie (Vaults:2)
  4 soul eaters
  5 iron trolls
  A wretched star (Abyss:4)
  A shadow wraith (Vaults:4)
  7 skeletal warriors
  21 deep trolls
  A quicksilver dragon simulacrum (Depths:5)
  7 naga ritualists
  3 wizards (Vaults:3)
  A death drake (shapeshifter) (Vaults:1)
  13 swamp dragons
  3 spriggan druids
  8 glowing orange brains
  3 lindwurms (Swamp:4)
  Pikel (D:5)
  4 unseen horrors
  5 shambling mangroves
  A swamp dragon (shapeshifter) (D:14)
  A phantasmal warrior (Vaults:5)
  13 orc knights
  18 ironbrand convokers
  9 deep elf archers
  5 mana vipers
  7 deep elf magi
  A harpy (shapeshifter) (Depths:3)
  4 harpies (Vaults:4)
  2 salamanders (shapeshifter)
  5 necromancers
  2 orb spiders (shapeshifter)
  A frost giant zombie (D:15)
  28 ugly things
  7 cyclopes
  4 wolf spiders
  2 manticores
  2 large abominations
  A fire giant zombie (D:15)
  A worldbinder (Abyss:4)
  10 salamanders
  6 orc sorcerers
  14 elephants
  42 black mambas
  Maurice (D:12)
  A moth of wrath (shapeshifter) (Vaults:2)
  A guardian serpent (shapeshifter) (Vaults:5)
  An apocalypse crab (Abyss:4)
  6 guardian serpents
  17 naga magi
  Psyche (D:9)
  2 storm dragon simulacra (Vaults:2)
  10 vault sentinels
  8 rust devils
  5 spectral swamp worms (Depths:2)
  A hellion (Abyss:4)
  3 ice statues
  A yaktaur zombie (D:15)
  23 spiny frogs
  A torpor snail (Lair:4)
  A rime drake (shapeshifter) (Vaults:1)
  3 kobold demonologists
  A spectral glowing shapeshifter (Vaults:2)
  53 yaktaurs
  9 komodo dragons
  A golden dragon simulacrum (Vaults:2)
  9 freezing wraiths
  3 efreet
  An entropy weaver simulacrum (Vaults:2)
  12 ice devils
  3 tengu conjurers
  A redback zombie (D:15)
  5 red devils
  8 trolls
  A human skeleton (Vaults:2)
  2 polar bears (Lair:6)
  2 ancient zymes (Abyss:4)
  11 tyrant leeches
  A jumping spider (Vaults:3)
  Grinder (D:5)
  5 bog bodies
  37 slime creatures
  29 hornets
  16 blink frogs
  A raiju (Abyss:2)
  A frost giant simulacrum (Vaults:2)
  8 dream sheep (Lair:6)
  A fire giant simulacrum (Vaults:2)
  12 hippogriffs
  2 flying skulls (Depths:5)
  A tarantella (Vaults:3)
  3 vampires
  27 spriggans
  5 water elementals (Depths:3)
  4 ynoxinuls
  A spriggan (shapeshifter) (Depths:4)
  6 shadows
  Eustachio (D:5)
  13 wraiths
  65 yaks
  19 humans (D:13)
  A basilisk (Lair:6)
  A fire bat (shapeshifter) (Vaults:3)
  2 fire elementals (Depths:3)
  2 wyverns
  A hog (shapeshifter) (Depths:4)
  A steam dragon (D:11)
  34 vampire mosquitoes
  2 neqoxecs (Abyss:4)
  Menkaure (D:5)
  A warg (shapeshifter) (Vaults:4)
  A swamp worm (shapeshifter) (Depths:3)
  8 wargs
  19 swamp worms
  8 water moccasins
  7 hydra simulacra (Depths:3)
  17 insubstantial wisps
  68 nagas
  An acid dragon (D:15)
  A hell hound (Depths:4)
  A water moccasin (shapeshifter) (Vaults:3)
  8 porcupines
  A floating eye (Depths:3)
  7 swamp drakes
  6 sky beasts
  6 black bears
  3 black bears (shapeshifter)
  57 orc warriors
  An ettin simulacrum (Depths:5)
  3 phantoms
  4 ice beasts
  4 slaves (D:5)
  7 starcursed masses (Depths:2)
  42 ogres
  A sky beast (shapeshifter) (Depths:3)
  A necrophage (D:14)
  A wolf (shapeshifter) (Vaults:4)
  49 wolves
  17 boggarts
  17 centaurs
  13 crocodiles
  3 elf simulacra (Vaults:2)
  A big kobold (shapeshifter) (Vaults:3)
  4 big kobolds
  19 bullfrogs
  2 wyvern zombies (D:12)
  A gnoll sergeant (D:7)
  4 scorpions
  5 killer bees (D:10)
  A killer bee (shapeshifter) (Vaults:5)
  3 howler monkeys
  9 wights
  4 electric eels
  9 crimson imps
  4 centaur zombies
  3 bullfrog zombies
  7 jellies
  6 hounds
  3 human simulacra (Vaults:2)
  3 quasits
  2 small abominations
  12 orc priests
  3 human zombies (Ossuary)
  2 iron imps
  A bullfrog skeleton (D:12)
  2 centaur skeletons
  4 iguanas
  Ijyb (D:5)
  27 orc wizards
  8 worker ants
  A hound zombie (Ossuary)
  A hound skeleton (D:5)
  4 mummies
  3 worker ant zombies
  Robin (D:1)
  7 gnolls
  A howler monkey skeleton (D:7)
  11 adders
  3 river rats (Sewer)
  5 shadow imps
  9 white imps (IceCv)
  6 ufetubi (IceCv)
  5 oozes
  7 adder zombies
  5 dart slugs
  6 leopard geckos
  122 orcs
  3 ball pythons
  11 bats
  6 giant cockroaches
  A gnoll zombie (Ossuary)
  20 goblins
  9 hobgoblins
  13 jackals
  4 quokkas
  7 frilled lizards
  4 goblin zombies (Ossuary)
  4 hobgoblin zombies
  6 jackal zombies (Ossuary)
  13 kobolds
  2 kobold zombies
  2 leopard gecko skeletons
  An orc zombie (Ossuary)
  A quokka skeleton (D:4)
  2 quokka zombies
  12 rats
  4 rat zombies (Ossuary)
  2 butterflies (Lair:6)
  3 fungi
  2 plants (Lair:1)
2122 creatures vanquished.

Vanquished Creatures (collateral kills)
  Mara (Vaults:3)
  Saint Roka (Snake:3)
  A tengu reaver (Vaults:5)
  An ironheart preserver (Vaults:5)
  A black mamba (Snake:3)
  2 yaks (Lair:2)
  A water moccasin (Lair:1)
  An ogre (Vaults:3)
  A fungus (Lair:1)
  A plant (Lair:1)
11 creatures vanquished.

Vanquished Creatures (others)
  An ironheart preserver (Vaults:5)
  A spark wasp (Depths:3)
  A centaur warrior (Vaults:3)
  A quicksilver dragon simulacrum (Depths:5)
  A komodo dragon (Lair:2)
  A hornet (Swamp:3)
  A flying skull (Depths:5)
  A yak (Lair:1)
  3 humans (D:13)
  A swamp worm (Swamp:3)
  A naga (Snake:4)
  An ettin simulacrum (Depths:5)
  A necrophage (D:13)
  2 white imps (IceCv)
  4 ufetubi (IceCv)
  10 fungi
  18 plants
  9 starspawn tentacles (Abyss:4)
  A withered plant (D:15)
59 creatures vanquished.

Grand Total: 2192 creatures vanquished

Notes
Turn   | Place    | Note
-------+----------+-------------------------------------------
     0 | D:1      | dopezilla the Demonspawn Fighter began the quest for the Orb.
     0 | D:1      | Reached XP level 1. HP: 18/18 MP: 1/1
    74 | D:1      | Gained mutation: You sometimes gain a little power by taking damage. [demonic ancestry]
    74 | D:1      | Reached XP level 2. HP: 21/24 MP: 2/2
   540 | D:1      | Reached XP level 3. HP: 29/29 MP: 3/3
  1362 | D:2      | Found a stormy altar of Qazlal.
  1417 | D:2      | Became a worshipper of Qazlal Stormbringer
  1540 | D:2      | Reached XP level 4. HP: 34/35 MP: 4/4
  1800 | D:2      | Noticed Robin
  1831 | D:1      | Killed Robin
  2209 | D:2      | Found a glowing silver altar of Zin.
  2331 | D:2      | Reached * piety under Qazlal
  2377 | D:2      | Found a basalt altar of Yredelemnul.
  2377 | D:2      | Found a glowing golden altar of the Shining One.
  2380 | D:2      | Noticed an angel
  2583 | D:2      | Noticed a profane servitor
  2959 | D:2      | Gained mutation: You have sharp toenails. [demonic ancestry]
  2959 | D:2      | Reached XP level 5. HP: 29/42 MP: 5/5
  3699 | D:3      | Found a deep blue altar of Sif Muna.
  4776 | D:3      | Reached skill level 4 in Fighting
  4816 | D:4      | Reached ** piety under Qazlal
  4878 | D:4      | Gained mutation: You have razor-sharp toenails. [demonic ancestry]
  4878 | D:4      | Reached XP level 6. HP: 48/48 MP: 6/6
  5152 | D:4      | Reached skill level 1 in Invocations
  5753 | D:4      | Gained mutation: You are surrounded by a mild repulsion field. (EV +2) [demonic ancestry]
  5753 | D:4      | Reached XP level 7. HP: 33/55 MP: 8/8
  6035 | D:4      | Found a snail-covered altar of Cheibriados.
  6177 | D:5      | Entered Level 5 of the Dungeon
  6214 | D:5      | Found Ezuoplit's General Store.
  6353 | D:5      | Found a sacrificial altar of Ru.
  6587 | D:5      | Noticed Ijyb
  6596 | D:5      | Killed Ijyb
  6702 | D:5      | Noticed Pikel
  6780 | D:5      | Killed Pikel
  6780 | D:5      | Reached skill level 5 in Fighting
  6780 | D:5      | Reached skill level 5 in Long Blades
  6780 | D:5      | Reached skill level 5 in Invocations
  6780 | D:5      | Gained mutation: You sometimes gain power by taking damage. [demonic ancestry]
  6780 | D:5      | Reached XP level 8. HP: 48/62 MP: 9/11
  6853 | D:5      | Noticed Eustachio
  6889 | D:5      | Killed Eustachio
  7089 | D:5      | Noticed Menkaure
  7515 | D:5      | Found a staircase to the Ecumenical Temple.
  7569 | D:5      | Killed Menkaure
  7569 | D:5      | Reached skill level 5 in Armour
  7575 | D:5      | Reached skill level 5 in Shields
  7597 | D:5      | Noticed Grinder
  7614 | D:5      | Killed Grinder
  7614 | D:5      | Reached XP level 9. HP: 69/69 MP: 8/14
  7913 | D:6      | Found a glowing drain.
  7935 | Sewer    | Entered a sewer
  8108 | Sewer    | Found a white marble altar of Elyvilon.
  8193 | D:6      | Found an iron altar of Okawaru.
  8327 | D:6      | Found a burning altar of Makhleb.
  8328 | D:6      | Found a shimmering altar of Xom.
  8564 | D:6      | Learned a level 4 spell: Airstrike
  8636 | D:6      | Reached skill level 6 in Fighting
  8740 | D:6      | Got a scorched granite ring
  8976 | D:7      | Identified the cursed ring of Gozag's Whim {Str+5 Dex-2} (You found it on level 6 of the Dungeon)
  9333 | D:7      | Found a sand-covered staircase.
  9339 | Ossuary  | Entered an ossuary
  9418 | Ossuary  | Reached *** piety under Qazlal
  9802 | D:7      | Reached **** piety under Qazlal
  9816 | D:7      | Found an ornate altar of the Wu Jian Council.
 10147 | D:7      | Found an opulent altar of Gozag.
 10430 | D:8      | Gained mutation: You have claws for feet. [demonic ancestry]
 10430 | D:8      | Reached XP level 10. HP: 77/77 MP: 16/16
 10502 | D:8      | Found a bloodstained altar of Trog.
 10789 | D:8      | Found a sparkling altar of Nemelex Xobeh.
 11257 | D:9      | Noticed Psyche
 11262 | D:9      | Noticed a two-headed ogre
 11264 | D:9      | Killed Psyche
 11426 | D:9      | Noticed a two-headed ogre
 11435 | D:9      | Reached skill level 7 in Fighting
 11435 | D:9      | Reached skill level 10 in Invocations
 11437 | D:9      | Killed a two-headed ogre
 11489 | D:9      | Killed a two-headed ogre
 11577 | D:9      | Found a staircase to the Orcish Mines.
 11762 | D:9      | Gained mutation: You are slightly more attuned to the shadows. [demonic ancestry]
 11762 | D:9      | Reached XP level 11. HP: 84/84 MP: 18/18
 12334 | D:9      | Found a staircase to the Lair.
 12362 | D:9      | Found a runed gate.
 12362 | D:9      | Found a runed gate.
 12362 | D:9      | Found a runed gate.
 12363 | D:9      | Noticed Burgietje's ghost (novice GrFi)
 12611 | D:10     | Entered Level 10 of the Dungeon
 13047 | D:10     | Reached skill level 8 in Fighting
 13179 | D:10     | Noticed a two-headed ogre
 13188 | D:10     | Killed a two-headed ogre
 13516 | D:11     | Noticed a two-headed ogre
 13532 | D:11     | Killed a two-headed ogre
 13532 | D:11     | Reached skill level 10 in Long Blades
 13552 | D:11     | Noticed Josephine
 13570 | D:11     | Killed Josephine
 13749 | D:11     | Learned a level 1 spell: Animate Skeleton
 13751 | D:11     | Learned a level 1 spell: Apportation
 13795 | D:11     | Noticed a purple ugly thing
 13800 | D:11     | Killed a purple ugly thing
 13989 | D:11     | Noticed a seven-headed hydra
 13996 | D:11     | Killed an eight-headed hydra
 13996 | D:11     | Gained mutation: You are significantly more attuned to the shadows. [demonic ancestry]
 13996 | D:11     | Reached XP level 12. HP: 94/94 MP: 19/19
 14020 | D:11     | Reached ***** piety under Qazlal
 14084 | D:11     | Reached skill level 9 in Fighting
 14548 | D:12     | Noticed a six-headed hydra
 14604 | Lair:1   | Entered Level 1 of the Lair of Beasts
 15058 | Lair:1   | Noticed an eight-headed hydra
 15081 | Lair:1   | Killed an eight-headed hydra
 15238 | Lair:1   | Noticed Nergalle
 15244 | Lair:1   | Killed Nergalle
 15244 | Lair:1   | Reached skill level 1 in Evocations
 16017 | Lair:2   | Gained mutation: You resist negative energy. (rN+) [demonic ancestry]
 16017 | Lair:2   | Reached XP level 13. HP: 103/103 MP: 20/20
 16029 | Lair:2   | Noticed Sonja
 16039 | Lair:2   | Reached skill level 10 in Fighting
 16075 | Lair:1   | Cast into level 2 of the Abyss (Sonja)
 16321 | Abyss:3  | Noticed an angel
 16343 | Abyss:3  | Killed an angel
 16395 | Lair:1   | Escaped the Abyss
 16430 | Lair:1   | Killed Sonja
 17168 | Lair:2   | Found a staircase to the Snake Pit.
 19713 | Lair:4   | Reached skill level 10 in Armour
 19713 | Lair:4   | Reached skill level 10 in Shields
 19716 | Lair:4   | Reached XP level 14. HP: 111/111 MP: 21/21
 20023 | Lair:4   | Found a staircase to the Swamp.
 21140 | Lair:5   | Reached skill level 5 in Evocations
 21187 | Lair:5   | Found a shimmering altar of Xom.
 21993 | Lair:6   | Entered Level 6 of the Lair of Beasts
 22034 | Lair:6   | Reached skill level 11 in Fighting
 22158 | Lair:6   | Found a frozen archway.
 22165 | IceCv    | Entered an ice cave
 22540 | IceCv    | Noticed a reaper
 22557 | IceCv    | Killed a reaper
 22574 | IceCv    | Got a bloodstained demon trident
 22706 | Lair:6   | Paralysed by a hornet for 1 turns
 22898 | Lair:6   | Reached ****** piety under Qazlal
 23160 | Lair:6   | Found a staircase to the Slime Pits.
 24066 | Orc:1    | Entered Level 1 of the Orcish Mines
 24438 | Orc:1    | Found a roughly hewn altar of Beogh.
 24659 | Orc:2    | Entered Level 2 of the Orcish Mines
 24659 | Orc:2    | Noticed an orc warlord
 24677 | Orc:1    | Killed an orc warlord
 25032 | Orc:1    | Identified the +6 demon trident of Incongruity {pierce, Str+2 Int-2 SInv} (You found it in an ice cave)
 25084 | Orc:2    | Noticed an orc warlord
 25438 | Orc:2    | Noticed an orc warlord
 25455 | Orc:1    | Killed an orc warlord
 25455 | Orc:1    | Reached XP level 15. HP: 90/120 MP: 22/22
 25746 | Orc:1    | Killed an orc warlord
 26718 | Orc:2    | Paralysed by an orc sorcerer for 7 turns
 26820 | Orc:2    | Noticed Rupert
 26826 | Orc:2    | Killed Rupert
 26935 | Orc:2    | Found Doezairr's Antique Weapon Emporium.
 27009 | Orc:2    | Found a runed door.
 27010 | Orc:2    | Found a shimmering altar of Xom.
 27010 | Orc:2    | Noticed stickyfingers's ghost (journeyman MfNe)
 27065 | Orc:2    | Found a staircase to the Elven Halls.
 27128 | Orc:2    | Found Nuc Zer's Book Boutique.
 27228 | Orc:2    | Found Vuophutu's Antique Armour Boutique.
 27274 | Orc:2    | Found Weathral's General Store.
 27280 | Orc:2    | Bought a scroll of amnesia for 59 gold pieces
 27715 | Orc:2    | Bought a manual of Fighting for 1324 gold pieces
 27802 | Orc:2    | Killed stickyfingers's ghost
 27802 | Orc:2    | Reached skill level 12 in Fighting
 27883 | Orc:2    | Bought a book of Battle for 480 gold pieces
 27886 | Orc:2    | Learned a level 2 spell: Song of Slaying
 27890 | Orc:2    | Learned a level 3 spell: Regeneration
 28104 | D:12     | Noticed Maurice
 28195 | D:12     | Killed Maurice
 28278 | D:12     | Reached skill level 1 in Throwing
 28290 | D:12     | Found Vuty's Antique Weapon Boutique.
 28791 | D:12     | Noticed Frances
 28806 | D:12     | Killed Frances
 29305 | D:13     | Noticed Kirke
 29316 | D:13     | Killed Kirke
 29614 | D:13     | Reached skill level 13 in Fighting
 29862 | D:13     | Found a gate to the Vaults.
 30503 | D:14     | Found Ixoseg's Assorted Antiques.
 30506 | D:14     | Bought a fizzy puce potion for 18 gold pieces
 30506 | D:14     | Bought a scroll of identify for 42 gold pieces
 30506 | D:14     | Bought a scroll of identify for 42 gold pieces
 30620 | D:14     | Found a shadowy altar of Dithmenos.
 30868 | D:14     | Noticed Nessos
 30876 | D:14     | Killed Nessos
 31135 | D:15     | Entered Level 15 of the Dungeon
 31184 | D:15     | Found a blossoming altar of Fedhas.
 31234 | D:15     | Reached XP level 16. HP: 111/132 MP: 24/24
 31341 | D:15     | Reached skill level 14 in Fighting
 31504 | D:15     | Identified the Disquisition on Transmutation
 31554 | D:15     | Reached skill level 5 in Throwing
 31604 | D:15     | Found a staircase to the Depths.
 32632 | Swamp:1  | Entered Level 1 of the Swamp
 33267 | Swamp:1  | Noticed Roxanne
 33408 | Swamp:1  | Reached skill level 15 in Fighting
 35614 | Swamp:4  | Entered Level 4 of the Swamp
 35622 | Swamp:4  | Paralysed by a hornet for 1 turns
 36837 | Swamp:3  | Reached skill level 16 in Fighting
 37526 | Swamp:4  | Reached XP level 17. HP: 112/144 MP: 25/25
 38011 | Swamp:4  | Noticed a tentacled monstrosity
 38022 | Swamp:4  | Killed a tentacled monstrosity
 38096 | Swamp:4  | Paralysed by a hornet for 3 turns
 39510 | Swamp:4  | Got a decaying rune of Zot
 39808 | Snake:1  | Entered Level 1 of the Snake Pit
 41304 | Snake:1  | Found a runed gate.
 41305 | Snake:1  | Found a runed gate.
 41537 | Snake:1  | Found a runed gate.
 41538 | Snake:1  | Noticed Qompuxo's ghost (adept GrEE)
 42513 | Snake:2  | Noticed Vashnia
 42531 | Snake:2  | Killed Vashnia
 44128 | Snake:3  | Noticed Louise
 44168 | Snake:3  | Killed Louise
 44525 | Snake:3  | Reached skill level 10 in Throwing
 45917 | Snake:4  | Entered Level 4 of the Snake Pit
 45917 | Snake:4  | Found Fyump's Armour Emporium.
 45917 | Snake:4  | Noticed Saint Roka
 46434 | Snake:3  | Killed Saint Roka
 46434 | Snake:3  | Reached XP level 18. HP: 49/153 MP: 19/26
 46976 | Snake:4  | Reached skill level 17 in Fighting
 49293 | Snake:4  | Reached skill level 10 in Evocations
 50817 | Snake:4  | Got a serpentine rune of Zot
 50850 | Snake:4  | Identified a scroll of acquirement
 50896 | Snake:4  | Got a transparent chain mail
 50907 | Snake:4  | Identified the +5 chain mail of Darkness {+Blink rN+ Dex-3 Slay+5} (You found it on level 4 of the Snake Pit)
 50964 | Snake:4  | Got a transparent scale mail
 50975 | Snake:4  | Identified the +1 scale mail of Charity {Str-4 Int+10} (You found it on level 4 of the Snake Pit)
 51188 | Vaults:1 | Entered Level 1 of the Vaults
 51453 | Vaults:1 | Got an ichor-stained large shield
 51464 | Vaults:1 | Identified the +5 large shield "Xifrahot" {rPois Dex+2} (You acquired it on level 1 of the Vaults)
 51605 | D:5      | Bought the ring of Houdioro {*Drain rElec rN+ Int+5 Stlth+} for 609 gold pieces
 52996 | Vaults:1 | Reached XP level 19. HP: 161/161 MP: 27/27
 53426 | Vaults:1 | Found the +7 captain's cutlass {speed, disarm}
 54007 | Vaults:1 | Paralysed by an ogre mage for 5 turns
 55776 | Vaults:2 | Reached skill level 18 in Fighting
 55969 | Vaults:2 | Found a runed gate.
 55969 | Vaults:2 | Found a runed gate.
 55970 | Vaults:2 | Found a runed gate.
 55971 | Vaults:2 | Noticed facsimile's ghost (adept HOFE)
 57013 | Vaults:2 | Killed facsimile's ghost
 57936 | Vaults:3 | Noticed Mara
 58195 | Vaults:2 | Upgraded the game from 0.22.0-38-g04b72b8c25 to 0.22.0-40-g68aacdc4c8
 58219 | Vaults:3 | Gained mutation: You are somewhat able to resist unholy torments (1 in 2 success). [demonic ancestry]
 58219 | Vaults:3 | Reached XP level 20. HP: 170/170 MP: 28/28
 58225 | Vaults:3 | Noticed Nikola
 59534 | Vaults:3 | Noticed dopezilla's illusion
 59546 | Vaults:3 | Killed Mara
 59595 | Vaults:3 | Noticed Boris
 59622 | Vaults:2 | Killed Nikola
 59626 | Vaults:3 | Killed Boris
 59805 | Vaults:2 | Got a pair of encrusted gloves
 59816 | Vaults:2 | Identified the cursed +0 pair of gloves of Faplyode {rElec MP+9} (You took it off Nikola on level 2 of the Vaults)
 60270 | Vaults:3 | Found a staircase to the Crypt.
 61130 | Vaults:4 | Reached skill level 15 in Shields
 61151 | Vaults:4 | Reached skill level 15 in Throwing
 61198 | Vaults:4 | Reached skill level 15 in Armour
 62055 | Vaults:4 | Reached XP level 21. HP: 151/178 MP: 29/29
 62917 | Depths:1 | Entered Level 1 of the Depths
 63550 | Depths:1 | Found a gateway to Hell.
 63848 | Depths:1 | Reached skill level 1 in Necromancy
 63912 | Depths:1 | Reached skill level 1 in Translocations
 63914 | Depths:1 | Reached skill level 1 in Charms
 64346 | Depths:1 | Found a one-way gate to the infinite horrors of the Abyss.
 65109 | Depths:2 | Reached skill level 15 in Long Blades
 66088 | Depths:2 | Noticed a golden dragon
 66623 | Depths:1 | Killed a golden dragon
 67225 | D:14     | Bought a dented garnet amulet for 105 gold pieces
 67227 | D:14     | Bought a box of beasts for 420 gold pieces
 68364 | Depths:2 | Found a runed door.
 68364 | Depths:2 | Found a shimmering altar of Xom.
 68367 | Depths:2 | Noticed Fithal's ghost (veteran MiBe)
 68600 | Depths:2 | Cast into level 4 of the Abyss (a Zot trap)
 68716 | Abyss:4  | Reached skill level 19 in Fighting
 68778 | Depths:2 | Escaped the Abyss
 68782 | Depths:2 | HP: 5/180 [starcursed mass/accursed screaming (12)]
 69402 | Depths:2 | Found a runed door.
 69403 | Depths:2 | Found a shimmering altar of Xom.
 70266 | Depths:2 | Killed Fithal's ghost
 70563 | Depths:2 | Identified Abbaelaq's Collected Works on Doomed Venom
 70670 | Depths:3 | Reached XP level 22. HP: 173/187 MP: 30/30
 71143 | Depths:2 | Learned a level 3 spell: Portal Projectile
 71580 | Depths:3 | Noticed Sojobo
 71609 | Depths:3 | Noticed Xtahua
 71628 | Depths:2 | Reached skill level 1 in Hexes
 71820 | Depths:3 | Killed Sojobo
 71820 | Depths:3 | Reached skill level 1 in Spellcasting
 71820 | Depths:3 | Reached skill level 5 in Necromancy
 72106 | Depths:3 | Killed Xtahua
 72535 | Depths:3 | Got a fine fustibalus
 72977 | Depths:3 | Found a one-way gate leading to the halls of Pandemonium.
 73379 | Depths:3 | Reached skill level 5 in Charms
 73654 | Depths:3 | Reached skill level 5 in Translocations
 73673 | Depths:3 | Got a brightly glowing golden ring
 73923 | Depths:3 | Noticed a juggernaut
 73960 | Depths:3 | Killed a juggernaut
 74358 | Depths:4 | Found a corrupted altar of Lugonu.
 74369 | Depths:4 | Noticed a juggernaut
 74471 | Depths:3 | Killed a juggernaut
 75032 | Depths:4 | Noticed a caustic shrike
 75054 | Depths:3 | Killed a caustic shrike
 75321 | Depths:4 | Gained mutation: You are surrounded by a moderate repulsion field. (EV +3) [demonic ancestry]
 75321 | Depths:4 | Reached XP level 23. HP: 163/194 MP: 31/31
 75552 | Depths:4 | Identified the +9 fustibalus "Xebra" {freeze, rC+ Int+4 Dex+4} (You found it on level 3 of the Depths)
 75553 | Depths:4 | Identified the ring "Ywyelagg" {Dex+3 Stlth+} (You took it off a balrug on level 3 of the Depths)
 76327 | Depths:5 | Entered Level 5 of the Depths
 77630 | Depths:5 | Reached skill level 5 in Hexes
 78410 | Depths:5 | Paralysed by a sphinx for 5 turns
 78418 | Depths:4 | Paralysed by a sphinx for 3 turns
 78691 | Depths:4 | Reached skill level 5 in Spellcasting
 80242 | Depths:4 | Found a corrupted altar of Lugonu.
 81636 | Depths:5 | Found an iron altar of Okawaru.
 82126 | Depths:5 | Found an ancient bone altar of Kikubaaqudgha.
 82130 | Depths:5 | Found a gateway to a ziggurat.
 82311 | Depths:5 | Reached skill level 20 in Fighting
 82462 | Depths:5 | Found a sacrificial altar of Ru.
 82558 | Depths:5 | Found a gate to the Realm of Zot.
 82602 | Depths:5 | Found a shadowy altar of Dithmenos.
 82980 | Vaults:5 | Entered Level 5 of the Vaults
 83086 | Vaults:5 | Noticed an ancient lich
 83089 | Vaults:5 | Gained mutation: You are powered by pain. [demonic ancestry]
 83089 | Vaults:5 | Reached XP level 24. HP: 174/204 MP: 30/31
 83102 | Vaults:5 | Paralysed by a sphinx for 4 turns
 83115 | Vaults:5 | HP: 10/204 [acid (7)]
 83163 | Vaults:5 | HP: 5/205 [titan/the air (9)]
 83163 | Vaults:5 | Splashed by a tengu reaver's acid

Skill      XL: |  1  2  3  4  5  6  7  8  9 10 11 12 13 14 15 16 17 18 19 20 21 22 23 24 |
---------------+-------------------------------------------------------------------------+-----
Long Blades    | 2 3 4 5 6 7 9 10 12 13 14 15 16 | 16.0
Shields        | 3 4 5 6 8 9 10 11 12 13 14 15 16 17 | 17.0
Armour         | 3 4 5 6 8 9 10 11 12 13 14 15 16 | 16.9
Fighting       | 4 5 6 7 8 9 10 11 13 16 17 18 19 20 | 20.3
Invocations    | 2 5 6 8 10 11 | 11.5
Evocations     | 1 4 6 7 9 10 | 10.0
Throwing       | 4 8 10 12 13 15 16 | 16.0
Necromancy     | 3 6 |  6.0
Translocations | 3 6 |  6.0
Charms         | 3 6 |  6.0
Hexes          | 3 6 |  6.0
Spellcasting   | 3 5 |  5.0

Action                   |  1- 3 |  4- 6 |  7- 9 | 10-12 | 13-15 | 16-18 | 19-21 | 22-24 || total
-------------------------+-------+-------+-------+-------+-------+-------+-------+-------++-------
Melee: Long sword        |    98 |   302 |   162 |       |       |       |       |       ||   562
       Kick              |       |    31 |   107 |   166 |   468 |   637 |   673 |   619 ||  2701
       Scimitar          |       |       |   175 |   472 |  1265 |  1530 |  1309 |     8 ||  4759
       Double sword      |       |       |       |       |       |       |   187 |  1412 ||  1599
Throw: Stone             |       |    12 |    17 |    21 |    20 |    43 |    66 |     7 ||   186
       Javelin           |       |       |       |       |       |       |       |    50 ||    50
Invok: Upheaval          |       |     3 |     6 |     4 |    13 |    17 |     1 |     4 ||    48
       Disaster Area     |       |       |       |     1 |     3 |     6 |     3 |     7 ||    20
       Elemental Force   |       |       |       |       |     1 |     1 |     3 |     1 ||     6
 Abil: Evoke Blink       |       |       |       |       |       |     3 |     3 |       ||     6
Evoke: Wand              |       |       |    15 |     9 |    14 |    35 |       |     2 ||    75
       Box of beasts     |       |       |       |       |       |       |     1 |       ||     1
  Use: Potion            |       |     2 |       |       |    10 |    14 |    21 |     3 ||    50
       Scroll            |       |     9 |     9 |     2 |    20 |    28 |     8 |    25 ||   101
 Stab: Invisible         |       |       |       |       |     4 |       |       |       ||     4
       Confused          |       |       |       |       |       |     1 |       |       ||     1
       Petrified         |       |       |       |       |       |       |     7 |       ||     7
  Eat: Chunk             |     2 |    10 |    16 |    17 |    33 |    26 |    36 |    23 ||   163
       Ration            |       |     1 |       |       |     5 |    13 |     6 |     5 ||    30
Armor: Scale mail        |    41 |    14 |       |       |       |       |       |       ||    55
       Chain mail        |       |   148 |    46 |       |       |    14 |   257 |       ||   465
       Plate armour      |       |       |    46 |   208 |   174 |       |       |       ||   428
       Pearl dragon scal |       |       |       |       |   153 |   297 |       |       ||   450
       Swamp dragon scal |       |       |       |       |       |    84 |       |       ||    84
       Gold dragon scale |       |       |       |       |       |       |    94 |   544 ||   638
Dodge: Dodged            |    30 |    58 |    55 |   121 |   220 |   289 |   146 |   130 ||  1049
       Deflected         |       |       |       |     3 |    15 |    52 |    17 |    19 ||   106
Block: Shield            |    47 |   198 |   190 |   379 |  1066 |   738 |       |       ||  2618
       Large shield      |       |       |       |       |       |   837 |  1559 |  1548 ||  3944
       Rpst.: Long sword |     9 |    16 |     6 |       |       |       |       |       ||    31
       Scimitar          |       |       |     6 |    25 |    54 |    37 |    21 |       ||   143
       Double sword      |       |       |       |       |       |       |     3 |    20 ||    23
